 Dungeon Crawl Stone Soup version 0.28-a0-677-g3278d6a771 (webtiles) character file.

Game seed: 13687234025619002925

835 McIrco the Protected (level 7, -1/64 HPs)
             Began as a Minotaur Fighter on Oct 18, 2021.
             Was an Initiate of Gozag.
             Slain by a vampire (9 damage)
             ... on level 5 of the Dungeon.
             The game lasted 00:05:55 (5102 turns).

McIrco the Protected (Minotaur Fighter)             Turns: 5102, Time: 00:05:56

Health: -1/64      AC:  8    Str: 23    XL:     7   Next: 66%
Magic:  0/6        EV: 15    Int:  5    God:    Gozag
Gold:   326        SH:  6    Dex: 15    Spells: 6/6 levels left

rFire   . . .      SeeInvis .   a - +0 war axe
rCold   . . .      Faith    .   c - +0 buckler
rNeg    . . .      Spirit   +   v - +0 acid dragon scales
rPois   .          Reflect  .   (helmet restricted)
rElec   .          Harm     .   z - scarf {shadows}
rCorr   +          Rampage  .   (no gloves)
Will    .....                   (no boots)
Stlth   +.........              x - amulet of guardian spirit
HPRegen 0.20/turn               n - +4 ring of evasion
MPRegen 0.10/turn               s - +6 ring of dexterity

@: no status effects
A: horns 2, retaliatory headbutt
a: Renounce Religion, Potion Petition, Call Merchant, Bribe Branch


You were on level 5 of the Dungeon.
You worshipped Gozag.
Gozag was aware of your devotion.
You visited 2 branches of the dungeon, and saw 6 of its levels.

You collected 360 gold pieces.
You paid 34 gold pieces to Gozag.

Inventory:

Hand Weapons
 a - a +0 war axe (weapon)
Armour
 b - a +0 scale mail
 c - a +0 buckler (worn)
 v - +0 acid dragon scales (worn)
 z - a scarf of shadows (worn)
Jewellery
 m - a ring of protection from fire
 n - a +4 ring of evasion (left hand)
 p - a ring of protection from fire
 s - a +6 ring of dexterity (right hand)
 x - an amulet of guardian spirit (around neck)
Wands
 y - a wand of iceblast (6)
Scrolls
 f - a scroll of enchant weapon {unknown}
 g - a scroll of blinking
 k - a scroll of teleportation {unknown}
 l - a scroll of identify {unknown}
 o - a scroll of fog {unknown}
 q - a scroll of amnesia {unknown}
 u - a scroll of immolation {unknown}
Potions
 d - 3 potions of might
 e - 2 potions of attraction {unknown}
 h - 3 potions of curing {unknown}
 i - 3 potions of flight {unknown}
 j - 2 potions of heal wounds
 r - a potion of berserk rage {unknown}
 t - a potion of haste {unknown}
 w - a potion of brilliance {unknown}


   Skills:
 + Level 6.8 Fighting
 - Level 2.4 Axes
 + Level 8.0 Armour
 + Level 6.1 Shields


You had 6 spell levels left.
You didn't know any spells.
Your spell library contained the following spells:

 Spells                   Type           Power      Damage    Failure   Level
 Magic Dart               Conj           0%         1d3       54%         1
 Sandblast                Erth           0%         2d4       54%         1
 Blink                    Tloc           N/A        N/A       67%         2
 Passwall                 Tmut/Erth      0%         N/A       67%         2
 Lesser Beckoning         Tloc           0%         N/A       88%         3
 Stone Arrow              Conj/Erth      0%         3d7       88%         3
 Manifold Assault         Tloc           0%         N/A       100%        5


Dungeon Overview and Level Annotations

Branches:
Dungeon (5/15)             Temple (1/1) D:4

Altars:
Cheibriados
Dithmenos
Elyvilon
Gozag
Hepliaklqana
Kikubaaqudgha
Makhleb
Nemelex Xobeh
Okawaru
Qazlal
Vehumet
Wu Jian
Xom
Yredelemnul
Zin
The Shining One

Annotations:
D:2 1 runed translucent door, Crazy Yiuf


Innate Abilities, Weirdness & Mutations

You have a pair of horns on your head.
You reflexively headbutt those who attack you in melee.


Message History

Keep equipping yourself?
You continue putting on your amulet of guardian spirit. x3
The vampire barely misses you. The vampire completely misses you.
You continue putting on your amulet of guardian spirit.
You feel less confused.
The vampire hits you but does no damage.
The vampire barely misses you.
You finish putting on your amulet of guardian spirit.
You feel your power drawn to a protective spirit.
x - an amulet of guardian spirit (around neck) Unknown command.
Unknown command.
You barely miss the vampire. Your headbutt misses the vampire.
The vampire barely misses you. You furiously retaliate!
You headbutt the vampire. The vampire bites you!
The vampire draws strength from your injuries!
You hit the vampire.
The vampire is lightly damaged.
The vampire hits you with a +0 mace! You block the vampire's attack.
The vampire closely misses you. You furiously retaliate!
You headbutt the vampire! The vampire bites you.
The vampire draws strength from your injuries!
You closely miss the vampire. You headbutt the vampire.
The vampire is heavily damaged.
You block the vampire's attack.
The vampire bites you but does no damage.
You hit the vampire.
The vampire is heavily damaged.
The vampire casts a spell.
The vampire flickers and vanishes!
Deactivating autopickup; reactivate with Ctrl-A.
You miss something. Something hits you. You block something's attack.
Something hits you! Something barely misses you.
You closely miss something. Something hits you!
Something bites you but does no damage.
You slash something! Something hits you!!
* * * LOW HITPOINT WARNING * * *
Something bites you!
You die...
Your body crumbles into a pile of gold.

...........#
...........#
...........#
###........# #........#
#........# #####
#........# .....
####'#############.....
#.>........@{o..# ##
#############...# .#
######### #....# .#
#....<..# #....# .#
#...)...# #....# .#
#.......# ##.#.# .#
#.......# #.#.# $ .#
#<....(.# #.#.. .#
#.......# #. ..


You could see an orc wizard.

Vanquished Creatures
  A black bear (D:4)
  2 ogres
  Blork the orc (D:5)
  A scorpion (D:4)
  A water moccasin zombie (D:3)
  A centaur zombie (D:5)
  3 iguanas
  Ijyb (D:4)
  4 orc wizards
  3 gnolls (D:4)
  3 adders
  A white imp (D:3)
  An ufetubus (D:3)
  An adder skeleton (D:4)
  2 worms (D:2)
  2 dart slugs
  11 orcs
  6 ball pythons
  3 bats
  8 endoplasms
  2 giant cockroaches (D:2)
  12 goblins
  6 hobgoblins
  4 quokkas (D:1)
  A frilled lizard (D:3)
  7 kobolds
  A rat (D:3)
89 creatures vanquished.

Vanquished Creatures (others)
  A fungus (D:3)
  A plant (D:3)
2 creatures vanquished.

Grand Total: 91 creatures vanquished

Notes
Turn   | Place    | Note
-------+----------+-------------------------------------------
     0 | D:1      | McIrco the Minotaur Fighter began the quest for the Orb.
     0 | D:1      | Reached XP level 1. HP: 19/19 MP: 0/0
   230 | D:1      | Reached XP level 2. HP: 23/27 MP: 1/1
   460 | D:1      | Reached skill level 4 in Armour
   907 | D:2      | Reached XP level 3. HP: 25/33 MP: 2/2
  1441 | D:2      | Found a stormy altar of Qazlal.
  1558 | D:2      | Found a runed translucent door.
  1559 | D:2      | Noticed Crazy Yiuf
  1652 | D:3      | Reached XP level 4. HP: 41/41 MP: 3/3
  1716 | D:3      | Found a faded altar of an unknown god.
  1760 | D:3      | Got Plato's Incunabulum of Conjuration
  2328 | D:3      | Reached skill level 5 in Armour
  2328 | D:3      | Reached XP level 5. HP: 46/47 MP: 4/4
  2696 | D:4      | Found a staircase to the Ecumenical Temple.
  2700 | D:4      | Reached skill level 5 in Fighting
  2702 | D:4      | Reached skill level 5 in Shields
  2788 | Temple   | Entered the Ecumenical Temple
  2863 | Temple   | Became a worshipper of Gozag Ym Sagoz the Greedy
  2899 | D:4      | Noticed an ogre
  2906 | D:4      | Killed an ogre
  2907 | D:4      | Reached skill level 6 in Armour
  2907 | D:4      | Reached XP level 6. HP: 33/56 MP: 5/5
  3116 | D:4      | Noticed Ijyb
  3146 | D:5      | Entered Level 5 of the Dungeon
  3966 | D:4      | Reached skill level 7 in Armour
  4137 | D:4      | Killed Ijyb
  4329 | D:4      | Reached XP level 7. HP: 53/63 MP: 6/6
  4677 | D:5      | Noticed Blork the orc
  4689 | D:5      | Killed Blork the orc
  4906 | D:5      | Reached skill level 8 in Armour
  5084 | D:5      | Noticed a vampire
  5102 | D:5      | Slain by a vampire

Illustrated notes

Levels and vault maps discovered:
D:1:      matt_arrival_spirals, layout_loops_cross,
          chequers_serial_rivers_small_3
D:2:      layout_rooms, basic_altar, uniq_crazy_yiuf_cottage
D:3:      layout_loops_cross, shapermc_ecumenical_altar_rom_forum
D:4:      black_bear_nest_1, layout_cave_pods, minmay_temple_entry_trees,
          dk_vineyard_3, uniq_ijyb
D:5:      layout_basic, old_standard_altar, kennysheep_flooded_box,
          hangedman_abyss_or_decor_stagger, uniq_duvessa, uniq_sigmund,
          uniq_blork_the_orc, uniq_menkaure
Temple:   compressed_dpeg_circular_temple

Skill      XL: |  1  2  3  4  5  6  7 |
---------------+----------------------+-----
Fighting       | 4 5 6 |  6.8
Shields        | 4 5 6 |  6.1
Armour         | 4 5 6 7 8 |  8.0
Axes           | |  2.4

Action                   |  1- 3 |  4- 6 |  7- 9 || total
-------------------------+-------+-------+-------++-------
Melee: War axe           |    94 |   128 |    46 ||   268
       Headbutt          |    15 |    20 |     9 ||    44
  Use: Scroll            |       |     1 |       ||     1
Armor: Scale mail        |    55 |    28 |       ||    83
       Acid dragon scale |       |    35 |    19 ||    54
Dodge: Dodged            |    38 |    67 |    29 ||   134
Block: Buckler           |    22 |    38 |    10 ||    70

Table legend: (Time is in decaauts)
 A = Elapsed time spent in this place.
 B = Non-inter-level travel time spent in this place.
 C = Inter-level travel time spent in this place.
 D = Time resting spent in this place.
 E = Time spent auto-exploring this place.
 F = Levels seen in this place.
 G = Mean time per level.
                   A        B        C        D        E       F      G
               +--------+--------+--------+--------+--------+-----+--------+
         Total |   5214 |   5001 |    213 |    451 |   3729 |   6 |  869.0 |
       Dungeon |   5109 |   4926 |    183 |    451 |   3670 |   5 | 1021.8 |
        Temple |    105 |     75 |     30 |      0 |     59 |   1 |  105.0 |
               +--------+--------+--------+--------+--------+-----+--------+

Top non-repeatable levels by time:
     D:4: 1335 daAuts
     D:3: 1180 daAuts
     D:1: 925 daAuts
     D:2: 850 daAuts
     D:5: 817 daAuts
  Temple: 105 daAuts
